 Dungeon Crawl Stone Soup version 0.30-a0-462-gd5975efbca (webtiles) character file.

Game seed: 8181378241193606022

8946 NinjaNoafa the Nimble (level 11, -10/92 HPs)
             Began as a Merfolk Gladiator on Dec 15, 2022.
             Engulfed by a fire crab (shapeshifter)'s flame (39 damage)
             ... on level 8 of the Dungeon on Dec 16, 2022.
             The game lasted 00:24:20 (9947 turns).

NinjaNoafa the Nimble (Merfolk Gladiator)           Turns: 9947, Time: 00:24:20

Health: -10/92     AC: 10    Str: 19    XL:     11   Next: 38%
Magic:  11/11      EV: 21    Int:  7    God:
Gold:   623        SH:  8    Dex: 25    Spells: 10/10 levels left

rFire   . . .      SeeInvis .    S - +2 dagger (speed)
rCold   . . .      Faith    .    x - +2 buckler
rNeg    + + .      Spirit   .    e - +0 leather armour "Renar" {rN++ Str+5}
rPois   .          Reflect  .    c - +0 helmet
rElec   .          Harm     .    Q - +0 cloak
rCorr   .          Rampage  .    p - +0 pair of gloves
Will    .....                    (no boots)
Stlth   ++........               (no amulet)
HPRegen 0.35/turn                O - ring of Monotheism {*Slow +Blink Dex+4 Slay+4}
MPRegen 0.12/turn                H - +4 ring of protection

@: hasted and slowed
A: (nimble swimmer 2), mertail
a: Evoke Blink


You were on level 8 of the Dungeon.
You visited 2 branches of the dungeon, and saw 9 of its levels.

You collected 623 gold pieces.

Inventory:

Hand Weapons
 S - a +2 dagger of speed (weapon)
Missiles
 d - a throwing net
 g - 87 stones
 y - 4 javelins (quivered)
 V - 12 poisoned darts
Armour
 c - a +0 helmet (worn)
 e - the +0 leather armour "Renar" (worn) {rN++ Str+5}
   (You found it on level 2 of the Dungeon)

   Str:       It affects your strength (+5).
   rN:        It greatly protects you from negative energy.
 p - a +0 pair of gloves (worn)
 x - a +2 buckler (worn)
 Q - a +0 cloak (worn)
Jewellery
 m - a ring of protection from fire
 E - a ring of wizardry
 H - a +4 ring of protection (right hand)
 N - a ring of positive energy
 O - the ring of Monotheism (left hand) {*Slow +Blink Dex+4 Slay+4}
   (You took it off a gnoll on level 6 of the Dungeon)

   [ring of slaying]

   Dex:       It affects your dexterity (+4).
   Slay:      It affects your accuracy & damage with ranged weapons and melee
   (+4).
   +Blink:    It lets you blink.
   *Slow:     It may slow you when you take damage.
 P - a ring of magical power
Wands
 b - a wand of digging (3)
 v - a wand of charming (3)
 B - a wand of flame (30)
 R - a wand of mindburst (6)
Scrolls
 a - 3 scrolls of noise {unknown}
 h - a scroll of enchant armour {unknown}
 i - 4 scrolls of teleportation
 l - 3 scrolls of silence
 q - a scroll of fog {unknown}
 t - a scroll of immolation {unknown}
 z - 2 scrolls of magic mapping
 A - 3 scrolls of amnesia {unknown}
 C - 3 scrolls of blinking
 I - 2 scrolls of enchant weapon {unknown}
 K - a scroll of vulnerability
 L - 6 scrolls of identify
Potions
 j - 4 potions of mutation {unknown}
 k - a potion of cancellation {unknown}
 n - 3 potions of curing
 o - 2 potions of magic {unknown}
 r - a potion of invisibility {unknown}
 u - 5 potions of brilliance
 w - 3 potions of ambrosia {unknown}
 D - 3 potions of berserk rage {unknown}
 F - 2 potions of lignification {unknown}
 G - 3 potions of degeneration {unknown}
 J - a potion of might {unknown}
 M - a potion of resistance {unknown}
 T - 2 potions of flight {unknown}


   Skills:
 + Level 10.4 Fighting
 + Level 9.1(9.3) Short Blades
 - Level 2.2(6.2) Long Blades
 - Level 8.0 Throwing
 + Level 11.2 Dodging
 + Level 2.0 Shields
 - Level 6.0 Evocations


You had 10 spell levels left.
You didn't know any spells.
Your spell library contained the following spells:

 Spells                   Type           Power      Damage    Failure   Level
 Cigotuvi's Dreadful Rot  Necr/Pois/Air  0%         N/A       75%         2
 Scorch                   Fire           0%         2d5       75%         2
 Summon Guardian Golem    Hex/Summ       0%         N/A       92%         3
 Dispel Undead            Necr           0%         3d6       100%        4
 Flame Wave               Conj/Fire      0%         2d4       100%        4
 Death Channel            Necr           0%         N/A       100%        6
 Summon Cactus Giant      Summ           0%         N/A       100%        6
 Orb of Destruction       Conj           0%         9d5       100%        7
 Spellforged Servitor     Conj/Summ      0%         N/A       100%        7


Dungeon Overview and Level Annotations

Branches:
Dungeon (8/15)             Temple (1/1) D:7
   Lair: D:8-11

Altars:
Cheibriados
Dithmenos
Elyvilon
Fedhas
Gozag
Hepliaklqana
Kikubaaqudgha
Makhleb
Nemelex Xobeh
Okawaru
Qazlal
Ru
Sif Muna
Trog
Vehumet
Wu Jian
Xom
Yredelemnul
Zin
The Shining One

Annotations:
D:6 1 exclusion


Innate Abilities, Weirdness & Mutations

((You are very nimble when in or above water. (Stealth+, EV+, Speed+++)))
Your lower body shifts to a powerful aquatic tail in water.


Message History

The fire crab misses you.
Aiming: Mindburst
Press: ? - help, Shift-Dir - straight line, f/p - fire crab
Aim: a fire crab shaped shifter (chance to affect: 71%)
The fire crab's mind is blasted!!
The fire crab bites you but does no damage.
The fire crab claws you.
You are engulfed in flames!
You block the fire crab's attack. The fire crab claws you.
You are engulfed in flames!
Aiming: Mindburst
Press: ? - help, Shift-Dir - straight line, f/p - fire crab
Aim: a fire crab shaped shifter (moderately wounded, chance to affect: 71%)
The fire crab struggles to resist.
The fire crab misses you.
The fire crab claws you but does no damage.
Aiming: Mindburst
Press: ? - help, Shift-Dir - straight line, f/p - fire crab
Aim: a fire crab shaped shifter (moderately wounded, chance to affect: 71%)
The fire crab's mind is blasted!!
The fire crab breathes flames at you. The blast of flame engulfs you.
The fire crab misses you. You block the fire crab's attack.
The fire crab attacks as you move away!
The fire crab bites you but does no damage.
You block the fire crab's attack.
You are engulfed in blazing flames.
* * * LOW HITPOINT WARNING * * *
The fire crab breathes flames at you.
The blast of flame engulfs you but does no damage.
You feel much better. The fire crab completely misses you.
The fire crab closely misses you.
You hit the fire crab.
The fire crab is severely wounded.
The fire crab breathes flames at you.
The blast of flame engulfs you but does no damage.
You completely miss the fire crab.
The fire crab is severely wounded.
You are engulfed in blazing flames.
The fire crab breathes flames at you.
The blast of flame engulfs you but does no damage.
You feel yourself speed up.
You are engulfed in blazing flames.
You die...

#.##......#########
#.##....#..##......
#.####..##..##..### #.##
##.##...###'## # #..#
#.##...#..#.. #.♣♣♣♣####
#.##...#.#.#. #.♣♣._.♣..###
#[#..#.'#...# ........°°°°#
#....#.#.#..#
........°t@°###..#^#.#..##.
........°°°°°°.......###'##
#.........°°°##.....##.....
#.......#.°°###....####...#
##..#####...# #...###.##.##
##.........# #...#.##.#.#.
########>## ##..#..##...#
#.# ##..'.....8.) #.#
#...#..##...#


You could see a fire crab shaped shifter.

Vanquished Creatures
  An anaconda (shapeshifter) (D:8)
  A centaur warrior (D:8)
  A two-headed ogre (D:8)
  Pikel (D:7)
  An unseen horror (D:8)
  A tengu conjurer (D:8)
  2 trolls
  Grinder (D:4)
  Prince Ribbit (D:6)
  A jumping spider (shapeshifter) (D:8)
  A wyvern (D:7)
  2 shadows
  A wraith (D:7)
  2 yaks (D:7)
  3 vampire mosquitoes
  5 steam dragons
  Menkaure (D:4)
  A water moccasin (D:8)
  4 ice beasts
  A sky beast (D:7)
  4 orc warriors
  A black bear (D:4)
  An ogre (D:6)
  2 lemures (D:7)
  3 centaurs
  A phantom (D:5)
  Blork the orc (D:4)
  A gnoll sergeant (D:8)
  3 bullfrogs
  2 scorpions
  7 wights
  A howler monkey (D:5)
  7 hounds
  3 gnoll boudas
  2 orc priests
  Crazy Yiuf (D:6)
  Jessica (D:3)
  Ijyb (D:3)
  3 iguanas
  Natasha (thrice) (D:3)
  3 orc wizards
  Robin (D:2)
  8 adders
  12 gnolls
  2 shadow imps
  A white imp (D:5)
  An ufetubus (D:5)
  3 worms
  3 dart slugs
  19 orcs
  4 endoplasms
  4 giant cockroaches
  15 goblins
  6 hobgoblins
  6 jackals (D:4)
  7 quokkas
  6 ball pythons
  8 bats
  2 frilled lizards (D:1)
  7 kobolds
  6 rats
204 creatures vanquished.

Notes
Turn   | Place    | Note
-------+----------+-------------------------------------------
     0 | D:1      | NinjaNoafa the Merfolk Gladiator began the quest for the
                  | Orb.
     0 | D:1      | Reached XP level 1. HP: 16/16 MP: 1/1
   194 | D:1      | Noticed a great orb of eyes
   207 | D:1      | Reached XP level 2. HP: 18/23 MP: 2/2
   239 | D:1      | Found a faded altar of an unknown god.
   241 | D:1      | Noticed a golden eye
   241 | D:1      | Noticed an eye of devastation
   241 | D:1      | Noticed an eye of devastation
   747 | D:2      | Reached XP level 3. HP: 20/28 MP: 3/3
   854 | D:2      | Noticed Robin
  1086 | D:2      | Reached XP level 4. HP: 33/35 MP: 4/4
  1103 | D:2      | Reached skill level 5 in Dodging
  1113 | D:2      | Identified the +0 leather armour "Renar" {rN++ Str+5}
  1271 | D:2      | Killed Robin
  1463 | D:3      | Found a shimmering blue altar of Sif Muna.
  1521 | D:3      | Reached XP level 5. HP: 40/41 MP: 5/5
  1696 | D:3      | Noticed Ijyb
  1738 | D:3      | Killed Ijyb
  1739 | D:3      | Reached skill level 5 in Short Blades
  1873 | D:3      | Noticed Jessica
  1879 | D:3      | Killed Jessica
  1905 | D:3      | Noticed Natasha
  1909 | D:3      | Killed Natasha
  2073 | D:3      | Noticed Natasha
  2076 | D:3      | Killed Natasha
  2077 | D:3      | Reached XP level 6. HP: 38/48 MP: 6/6
  2187 | D:3      | Noticed Natasha
  2189 | D:3      | Killed Natasha
  2190 | D:3      | Reached skill level 6 in Dodging
  2396 | D:4      | Noticed a black bear
  2411 | D:4      | Killed a black bear
  2694 | D:4      | Noticed Grinder
  2702 | D:4      | Killed Grinder
  2703 | D:4      | Reached skill level 5 in Fighting
  2703 | D:4      | Reached skill level 1 in Evocations
  2703 | D:4      | Reached XP level 7. HP: 47/56 MP: 7/7
  2734 | D:4      | Found a burning altar of Makhleb.
  2789 | D:4      | Noticed Blork the orc
  2799 | D:4      | Killed Blork the orc
  2800 | D:4      | Reached skill level 7 in Dodging
  3131 | D:4      | Noticed Menkaure
  3135 | D:4      | Killed Menkaure
  3136 | D:4      | Reached XP level 8. HP: 42/64 MP: 8/8
  3386 | D:5      | Entered Level 5 of the Dungeon
  3922 | D:5      | Reached skill level 8 in Dodging
  4019 | D:5      | Noticed a troll
  4033 | D:5      | Killed a troll
  4034 | D:5      | Reached skill level 5 in Throwing
  4330 | D:5      | Reached XP level 9. HP: 74/74 MP: 9/9
  4347 | D:5      | Found a white marble altar of Elyvilon.
  4873 | D:6      | Found a bloodstained altar of Trog.
  4873 | D:6      | Found a snail-covered altar of Cheibriados.
  4873 | D:6      | Found a radiant altar of Vehumet.
  4992 | D:6      | Found a runed translucent door.
  4993 | D:6      | Noticed Crazy Yiuf
  5052 | D:6      | Noticed Prince Ribbit
  5068 | D:6      | Killed Prince Ribbit
  5470 | D:6      | Identified the ring of Monotheism {*Slow +Blink Dex+4
                  | Slay+4}
  5555 | D:6      | Upgraded the game from 0.30-a0-459-g9104f0fc43 to
                  | 0.30-a0-462-gd5975efbca
  5705 | D:6      | Killed Crazy Yiuf
  6085 | D:6      | Reached skill level 9 in Dodging
  6088 | D:6      | Reached skill level 1 in Long Blades
  6208 | D:7      | Reached XP level 10. HP: 36/82 MP: 10/10
  6212 | D:7      | Reached skill level 5 in Evocations
  6627 | D:7      | Found a staircase to the Ecumenical Temple.
  6633 | Temple   | Entered the Ecumenical Temple
  6904 | D:8      | Found a glowing silver altar of Zin.
  7005 | D:8      | Noticed a two-headed ogre
  7022 | D:8      | Killed a two-headed ogre
  7529 | D:7      | Noticed Pikel
  7546 | D:7      | Killed Pikel
  7547 | D:7      | Reached skill level 10 in Dodging
  8513 | D:8      | Noticed a cyclops
  8524 | D:8      | a cyclops changed into a jumping spider
  8592 | D:8      | Reached skill level 10 in Fighting
  8592 | D:8      | Reached XP level 11. HP: 34/90 MP: 11/11
  8921 | D:8      | Noticed a centaur warrior
  9368 | D:8      | Reached skill level 11 in Dodging
  9368 | D:8      | Reached skill level 1 in Shields
  9632 | D:8      | Noticed a faun
  9637 | D:8      | a faun changed into an anaconda
  9637 | D:8      | Noticed an anaconda (shapeshifter)
  9646 | D:8      | Killed an anaconda
  9795 | D:8      | Killed a centaur warrior
  9933 | D:8      | a cane toad changed into a fire crab
  9933 | D:8      | Noticed a fire crab (shapeshifter)
  9947 | D:8      | Engulfed by a fire crab (shapeshifter)'s flame

Illustrated notes

Levels and vault maps discovered:
D:1:      minmay_arrival_checkered_box, layout_basic,
          hellmonk_ecumenical_altar_watching_god
D:2:      layout_rooms, grunt_decor_resistance, uniq_robin
D:3:      layout_loops_ring, mainiacjoe_overflow_paths, uniq_jessica,
          uniq_natasha, uniq_ijyb
D:4:      layout_basic, lemuel_coloured_pillars_altar, minmay_cut_off,
          uniq_menkaure, uniq_blork_the_orc, uniq_grinder
D:5:      layout_loops_ring, amcnicky_altar_gilded, minmay_misc_feat_iff,
          minmay_fractal_squares_diagonal_5
D:6:      layout_rooms, gammafunk_temple_overflow_claw, dk_noncrumbling_4,
          grunt_ministairs_12, uniq_crazy_yiuf_cottage, uniq_prince_ribbit1
D:7:      layout_rooms, minmay_temple_entry_enclosed_plants, uniq_pikel
D:8:      minmay_the_grid_octo_tiled_octocenter [minmay_the_grid_octo_toaster,
          minmay_the_grid_octo_clover_2, minmay_the_grid_octo_thin_diamonds,
          minmay_the_grid_octo_fat_diamond, minmay_the_grid_octo_prize_big_c,
          minmay_the_grid_square_5x5_corner,
          minmay_the_grid_square_5x5_two_small,
          minmay_the_grid_square_5x5_n_small,
          minmay_the_grid_square_5x5_spiral_small], layout_rooms, zin_academy
Temple:   nicolae_temple_bog_church

Skill      XL: |  1  2  3  4  5  6  7  8  9 10 11 |
---------------+----------------------------------+-----
Short Blades   | 4 5 6 7 8 9 |  9.1
Fighting       | 3 4 5 7 8 10 | 10.4
Dodging        | 5 6 7 8 9 10 11 | 11.2
Evocations     | 1 2 3 4 6 |  6.0
Throwing       | 3 5 6 7 8 |  8.0
Long Blades    | 1 2 |  2.2
Shields        | 2 |  2.0

Action                   |  1- 3 |  4- 6 |  7- 9 | 10-12 || total
-------------------------+-------+-------+-------+-------++-------
Melee: Rapier            |   107 |    19 |       |       ||   126
       Dagger            |       |    97 |       |   281 ||   378
       Short sword       |       |    55 |   230 |    40 ||   325
       Punch             |       |       |     3 |     8 ||    11
       Great sword       |       |       |    10 |     8 ||    18
Throw: Javelin           |     3 |    23 |    77 |    27 ||   130
       Throwing net      |       |     4 |       |     2 ||     6
       Dart              |       |       |       |    13 ||    13
 Abil: Evoke Blink       |       |       |       |     2 ||     2
Evoke: Wand              |       |       |       |    10 ||    10
  Use: Scroll            |       |       |       |    13 ||    13
       Potion            |       |       |       |     6 ||     6
 Stab: Sleeping          |     1 |     1 |     2 |       ||     4
       Held in net/web   |       |     1 |       |     2 ||     3
       Distracted        |       |       |     1 |       ||     1
Armor: Leather armour    |    41 |    42 |    51 |    98 ||   232
Dodge: Dodged            |    93 |   110 |   218 |   231 ||   652
Block: Buckler           |       |       |       |    25 ||    25

Table legend: (Time is in decaauts)
 A = Elapsed time spent in this place.
 B = Non-inter-level travel time spent in this place.
 C = Inter-level travel time spent in this place.
 D = Time resting spent in this place.
 E = Time spent auto-exploring this place.
 F = Levels seen in this place.
 G = Mean time per level.
                   A        B        C        D        E       F      G
               +--------+--------+--------+--------+--------+-----+--------+
         Total |   9701 |   9053 |    648 |      0 |   6839 |   9 | 1077.9 |
       Dungeon |   9554 |   8917 |    637 |      0 |   6762 |   8 | 1194.2 |
        Temple |    147 |    136 |     11 |      0 |     77 |   1 |  147.0 |
               +--------+--------+--------+--------+--------+-----+--------+

Top non-repeatable levels by time:
     D:8: 1813 daAuts
     D:7: 1744 daAuts
     D:5: 1275 daAuts
     D:6: 1260 daAuts
     D:3: 1064 daAuts
     D:4: 1053 daAuts
     D:1: 699 daAuts
     D:2: 643 daAuts
  Temple: 147 daAuts
